 Dungeon Crawl Stone Soup version 0.29-a0-187-ga23d9638d5 (webtiles) character file.

Game seed: 2420205595370155405

61 cyrus the Chopper (level 4, 0/40 HPs)
             Began as a Hill Orc Monk on Feb 21, 2022.
             Was a Priest of Kikubaaqudgha.
             Slain by an adder (3 damage)
             ... on level 2 of the Dungeon.
             The game lasted 00:07:05 (2433 turns).

cyrus the Chopper (Hill Orc Monk)                   Turns: 2433, Time: 00:07:06

Health: 0/40       AC:  2    Str: 13    XL:     4   Next: 7%
Magic:  2/4        EV: 13    Int: 10    God:    Kikubaaqudgha [***...]
Gold:   104        SH:  0    Dex: 15    Spells: 2/3 levels left

rFire   . . .      SeeInvis .   h - +10 mace "Killer Klown's Regret" {drain, rN+}
rCold   . . .      Faith    .   (no shield)
rNeg    + . .      Spirit   .   b - +0 robe
rPois   .          Reflect  .   (no helmet)
rElec   .          Harm     .   (no cloak)
rCorr   .          Rampage  .   (no gloves)
Will    .....                   (no boots)
Stlth   ++........              (no amulet)
HPRegen 0.13/turn               (no ring)
MPRegen 0.09/turn               (no ring)

@: lethally poisoned (0 -> -5)
A: no striking features
a: Renounce Religion, Receive Corpses


You were on level 2 of the Dungeon.
You worshipped Kikubaaqudgha.
Kikubaaqudgha was most pleased with you.
You visited 1 branch of the dungeon, and saw 2 of its levels.

You collected 104 gold pieces.

Inventory:

Hand Weapons
 a - a +0 hand axe
 h - the +10 mace "Killer Klown's Regret" (weapon) {drain, rN+}
   (You found it on level 2 of the Dungeon)

   A truly terrible weapon, it drains the life of any living foe it strikes.
   rN:        It protects you from negative energy.
Armour
 b - a +0 robe (worn)
 e - a +1 helmet
Scrolls
 c - 3 scrolls of identify {unknown}
 d - a scroll of noise {unknown}
 f - a scroll of vulnerability {unknown}
 g - a scroll of magic mapping {unknown}
 i - a scroll of fear {unknown}


   Skills:
 + Level 4.1 Fighting
 + Level 5.0 Axes
 + Level 0.2(2.5) Maces & Flails
 + Level 2.8 Dodging
 + Level 1.9 Stealth
 + Level 0.2 Spellcasting
 + Level 0.4 Necromancy


You had 2 spell levels left.
You knew the following spells:

 Your Spells              Type           Power      Damage    Failure   Level
a - Animate Skeleton      Necr           0%         N/A       32%         1

Your spell library contained the following spells:

 Spells                   Type           Power      Damage    Failure   Level
 Corpse Rot               Necr/Air       0%         N/A       45%         2
 Vampiric Draining        Necr           0%         2d6       67%         3
 Gell's Gravitas          Tloc           0%         N/A       75%         3
 Lesser Beckoning         Tloc           0%         N/A       75%         3
 Portal Projectile        Hex/Tloc       0%         N/A       75%         3
 Teleport Other           Tloc           0%         N/A       75%         3
 Animate Dead             Necr           0%         N/A       97%         4
 Agony                    Necr           0%         N/A       100%        5
 Blade Hands              Tmut           0%         N/A       100%        5
 Borgnjor's Vile Clutch   Necr/Erth      0%         N/A       100%        5
 Excruciating Wounds      Necr           0%         N/A       100%        5
 Death Channel            Necr           0%         N/A       100%        6
 Simulacrum               Ice/Necr       0%         N/A       100%        6


Dungeon Overview and Level Annotations

Branches:
Dungeon (2/15)

Altars:
Kikubaaqudgha

Shops:
D:2 =


Message History

Your hobgoblin skeleton closely misses Robin.
Robin hits your hobgoblin skeleton with a +0 spear.
Your hobgoblin skeleton is destroyed!
Robin hits you with a +0 spear.
Things that are here:
a +0 club; 5 gold pieces You closely miss Robin.
Robin hits you with a +0 spear.
* * * LOW HITPOINT WARNING * * *
Your magical contamination has completely faded away.
You sock Robin! You drain Robin.
You kill Robin!
Kikubaaqudgha accepts your kill.
Your Axes skill increases to level 5!
You have reached level 4!
You bludgeon the rat!!
You kill the rat!
Kikubaaqudgha accepts your kill.
You sock the goblin!
You kill the goblin!
Kikubaaqudgha accepts your kill.
You closely miss the adder.
The goblin no longer looks unusually strong.
The adder misses you. The adder barely misses you.
You closely miss the adder. The adder closely misses you.
You completely miss the adder. The adder completely misses you.
The adder misses you.
You closely miss the adder. The adder bites you.
* * * LOW HITPOINT WARNING * * *
The adder closely misses you.
You completely miss the adder. The adder closely misses you.
You barely miss the adder. The adder bites you.
* * * LOW HITPOINT WARNING * * *
You are lethally poisoned!
The adder poisons you! The adder barely misses you.
You miss the adder.
* * * LOW HITPOINT WARNING * * *
You feel very sick. The adder barely misses you. The adder bites you.
You die...
Kikubaaqudgha rasps: "You have failed me!
Welcome... death!"

#)#########.#.#.# ## #.#
#........#.# #. #.#
#.####...#.# ## #.####.#
##..#.# #......# #..#.#
######## #..#.# .# #..#.#
#.##### #..#.# .......
#..#@# .[.....
##############.#S# .......
...............#g# .......
....########..>#)##g......
........<#......)..gS.....
...#######.#.###.#.g......
...........#.#...#g.......
...####### #.#.#.#.#.#####
...# #.#.###.#.#


You could see an adder and a goblin.

Vanquished Creatures
  Robin (D:2)
  2 bats (D:1)
  2 endoplasms (D:1)
  4 giant cockroaches
  11 goblins
  4 hobgoblins
  6 kobolds
  3 quokkas (D:1)
  5 ball pythons
  A frilled lizard (D:1)
  5 rats
  A spectral hobgoblin (D:1)
45 creatures vanquished.

Vanquished Creatures (collateral kills)
  2 goblins
  A ball python (D:1)
3 creatures vanquished.

Vanquished Creatures (others)
  16 plants (D:1)
16 creatures vanquished.

Grand Total: 64 creatures vanquished

Notes
Turn   | Place    | Note
-------+----------+-------------------------------------------
     0 | D:1      | cyrus the Hill Orc Monk began the quest for the Orb.
     0 | D:1      | Reached XP level 1. HP: 19/19 MP: 1/1
   475 | D:1      | Reached XP level 2. HP: 27/27 MP: 2/2
  1246 | D:1      | Found a faded altar of an unknown god.
  1270 | D:1      | Prayed at the altar of an unknown god.
  1270 | D:1      | Became a worshipper of Kikubaaqudgha
  1270 | D:1      | Reached * piety under Kikubaaqudgha
  1270 | D:1      | Received a gift from Kikubaaqudgha
  1270 | D:1      | Reached ** piety under Kikubaaqudgha
  1282 | D:1      | Learned a level 1 spell: Animate Skeleton
  1315 | D:1      | Reached XP level 3. HP: 30/33 MP: 3/3
  1751 | D:2      | Reached *** piety under Kikubaaqudgha
  1751 | D:2      | Received a gift from Kikubaaqudgha
  1930 | D:2      | Found Avuk Uck's Jewellery Shoppe.
  2010 | D:2      | Identified the +10 mace "Killer Klown's Regret" {drain,
                  | rN+}
  2392 | D:2      | Noticed Robin
  2424 | D:2      | Killed Robin
  2425 | D:2      | Reached skill level 5 in Axes
  2425 | D:2      | Reached XP level 4. HP: 10/40 MP: 1/4
  2433 | D:2      | Slain by an adder

Illustrated notes

Levels and vault maps discovered:
D:1:      tarquinn_simple_flora_water_a, layout_loops_corners,
          dreamdust_ecumenical_altar_drowned_temple
D:2:      layout_basic, serial_shops, shop, uniq_terence, uniq_robin

Skill      XL: |  1  2  3 |
---------------+----------+-----
Fighting       | 4 |  4.1
Axes           | 5 |  5.0
Maces & Flails | |  0.2
Dodging        | |  2.8
Stealth        | |  1.9
Spellcasting   | |  0.2
Necromancy     | |  0.4

Action                   |  1- 3 |  4- 6 || total
-------------------------+-------+-------++-------
Melee: Hand axe          |   159 |       ||   159
       Punch             |     1 |       ||     1
       Mace              |    18 |     9 ||    27
 Cast: Animate Skeleton  |     7 |       ||     7
Invok: Receive Corpses   |     2 |       ||     2
 Stab: Sleeping          |     5 |       ||     5
Armor: Robe              |    34 |       ||    34
Dodge: Dodged            |    97 |     9 ||   106

Table legend: (Time is in decaauts)
 A = Elapsed time spent in this place.
 B = Non-inter-level travel time spent in this place.
 C = Inter-level travel time spent in this place.
 D = Time resting spent in this place.
 E = Time spent auto-exploring this place.
 F = Levels seen in this place.
 G = Mean time per level.
                   A        B        C        D        E       F      G
               +--------+--------+--------+--------+--------+-----+--------+
         Total |   2469 |   2415 |     54 |    262 |   1417 |   2 | 1234.5 |
       Dungeon |   2469 |   2415 |     54 |    262 |   1417 |   2 | 1234.5 |
               +--------+--------+--------+--------+--------+-----+--------+

Top non-repeatable levels by time:
     D:1: 1745 daAuts
     D:2: 724 daAuts
